 Dungeon Crawl Stone Soup version 0.20-a0-854-g0cc194a (webtiles) character file.

28 Alarkh the Skirmisher (level 3, 25/29 HPs)
             Began as a Demonspawn Fighter on Mar 11, 2017.
             Quit the game on level 1 of the Dungeon.
             The game lasted 00:01:29 (749 turns).

Alarkh the Skirmisher (Demonspawn Fighter)           Turns: 749, Time: 00:01:29

Health: 25/29      AC:  6    Str: 16    XL:     3   Next: 0%
Magic:  3/3        EV:  6    Int: 10    God:
Gold:   65         SH:  8    Dex: 12    Spells: 2/2 levels left

rFire    . . .     SeeInvis .   a - +0 long sword
rCold    . . .     Gourm    .   b - +0 scale mail
rNeg     . . .     Faith    .   c - +0 shield
rPois    .         Spirit   +   (no helmet)
rElec    .         Reflect  .   (no cloak)
rCorr    .         Harm     .   (no gloves)
MR       .....                  (no boots)
Stlth    ..........             (no amulet)
Regen    0.1/turn               (no ring)
MPRegen  0.1/turn               (no ring)

@: no status effects
A: powered by pain 1, magic shield
a: no special abilities


You were on level 1 of the Dungeon.
You were not hungry.

You visited 1 branch of the dungeon, and saw 1 of its levels.

You collected 65 gold pieces.

Inventory:

Hand Weapons
 a - a +0 long sword (weapon)
Armour
 b - a +0 scale mail (worn)
 c - a +0 shield (worn)
Scrolls
 e - 2 scrolls of identify {unknown}
 g - a scroll of enchant armour {unknown}
 h - a scroll of recharging {unknown}
 j - a scroll of remove curse {unknown}
Potions
 d - a potion of might
 l - a potion of curing {unknown}
 m - a potion of heal wounds {unknown}
Comestibles
 f - a bread ration
 i - 4 fruits
 k - 3 chunks of flesh


   Skills:
 + Level 3.4 Fighting
 * Level 2.3 Long Blades
 + Level 2.9 Armour
 + Level 0.1 Dodging
 + Level 2.8 Shields


You had 2 spell levels left.
You didn't know any spells.

Dungeon Overview and Level Annotations

Branches:
Dungeon (1/15)

Altars:


Innate Abilities, Weirdness & Mutations

You sometimes gain a little power by taking damage.
When hurt, damage is shared between your health and your magic reserves.


Message History

You kill the hobgoblin!
The bat barely misses you. The bat hits you but does no damage.
The rat bites you but does no damage.
You hit the bat.
You kill the bat!
You have reached level 3!
Your experience leads to an increase in your attributes!
Increase (S)trength, (I)ntelligence, or (D)exterity?
You feel clever.
Your demonic ancestry asserts itself...
You feel your magical essence form a protective shroud around your flesh.
The rat bites you but does no damage.
A bat comes into view.
Saving game... please wait.
Welcome back, Alarkh the Demonspawn Fighter.
Press ? for a list of commands and other information.
You closely miss the rat.
The rat bites you but does no damage. x2
You closely miss the rat. You block the bat's attack.
You block the rat's attack.
Unknown command.
Are you sure you want to abandon this character and quit the game? (Confirm with "yes".)

###### ##.....##
#.......## .........#
.........# ####
.........# #...
..)......############...
....(b..†...............
#......@########.####...
.......)r...............
.......$.#######.####...
.......... #..# #...
........... #..# #.##
............ #..# #.#.
#...........# #..# #.#.
##.........># #..# #.#.
#..# #.#.


You could see a bat and a rat.

Vanquished Creatures
  A leopard gecko (D:1)
  A giant cockroach (D:1)
  4 goblins (D:1)
  4 hobgoblins (D:1)
  4 jackals (D:1)
  4 kobolds (D:1)
  2 bats (D:1)
  A frilled lizard (D:1)
  A rat (D:1)
22 creatures vanquished.

Vanquished Creatures (others)
  A minotaur (D:1)
  A draconian (D:1)
  An octopode (D:1)
  A vine stalker (D:1)
  An elf (D:1)
  A formicid (D:1)
  A spriggan (D:1)
  A dwarf (D:1)
  An orc (D:1)
  3 kobolds (D:1)
  4 tentacles (D:1)
16 creatures vanquished.

Grand Total: 38 creatures vanquished

Notes
Turn   | Place    | Note
-------+----------+-------------------------------------------
     0 | D:1      | Alarkh the Demonspawn Fighter began the quest for the Orb.
     0 | D:1      | Reached XP level 1. HP: 18/18 MP: 1/1
     0 | D:1      | Noticed a spriggan
     0 | D:1      | Noticed a draconian
     0 | D:1      | Noticed a kraken
     0 | D:1      | Noticed a minotaur
     0 | D:1      | Noticed a dwarf
     0 | D:1      | Noticed a vine stalker
     0 | D:1      | Noticed an octopode
     0 | D:1      | Noticed an elf
     0 | D:1      | Noticed a formicid
     5 | D:1      | Killed a spriggan
     5 | D:1      | Killed a draconian
     6 | D:1      | Killed a dwarf
     7 | D:1      | Killed an octopode
     8 | D:1      | Killed a formicid
     9 | D:1      | Killed a minotaur
     9 | D:1      | Killed a vine stalker
    11 | D:1      | Killed an elf
   333 | D:1      | Gained mutation: You sometimes gain a little power by taking damage. [demonic ancestry]
   333 | D:1      | Reached XP level 2. HP: 24/24 MP: 2/2
   746 | D:1      | Gained mutation: When hurt, damage is shared between your health and your magic reserves. [demonic ancestry]
   746 | D:1      | Reached XP level 3. HP: 25/29 MP: 3/3
   749 | D:1      | Quit the game

Vault maps used:
D:1:      nicolae_arrival_kraken_aquarium_a

Skill      XL: |  1 |
---------------+----+-----
Long Blades    | 2 |  2.3
Fighting       | |  3.4
Armour         | |  2.9
Dodging        | |  0.1
Shields        | |  2.8

Action                   || total
-------------------------++-------
Melee: Long sword        ||    70
  Use: Potion            ||     1
Armor: Scale mail        ||    38
Dodge: Dodged            ||    26
Block: Shield            ||    45
       Rpst.: Long sword ||    12
